 Dungeon Crawl Stone Soup version 0.30-a0-292-g0f741e3f8e (webtiles) character file.

Game seed: 11268943106193466236

8 Flugkiller the Cutter (level 2, 13/22 HPs)
             Began as a Demonspawn Gladiator on Oct 17, 2022.
             Quit the game on level 1 of the Dungeon.
             The game lasted 00:00:13 (202 turns).

Flugkiller the Cutter (Demonspawn Gladiator)         Turns: 202, Time: 00:00:14

Health: 13/22      AC:  4    Str: 14    XL:     2   Next: 0%
Magic:  2/2        EV: 12    Int:  9    God:
Gold:   20         SH:  0    Dex: 14    Spells: 1/1 levels left

rFire   . . .      SeeInvis .    a - +0 rapier
rCold   . . .      Faith    .    (no shield)
rNeg    . . .      Spirit   .    b - +0 leather armour
rPois   .          Reflect  .    c - +0 helmet
rElec   .          Harm     .    (no cloak)
rCorr   .          Rampage  .    (no gloves)
Will    .....                    (no boots)
Stlth   +.........               (no amulet)
HPRegen 0.23/turn                (no ring)
MPRegen 0.08/turn                (no ring)

@: no status effects
A: weakness stinger 1
a: no special abilities


You were on level 1 of the Dungeon.
You visited 1 branch of the dungeon, and saw 1 of its levels.

You collected 20 gold pieces.

Inventory:

Hand Weapons
 a - a +0 rapier (weapon)
Missiles
 d - 3 throwing nets (quivered)
 e - a javelin
Armour
 b - a +0 leather armour (worn)
 c - a +0 helmet (worn)
Scrolls
 f - a scroll of identify {unknown}
Potions
 g - a potion of might {unknown}


   Skills:
 - Level 2.0 Fighting
 + Level 3.2 Short Blades
 - Level 1.7 Throwing
 - Level 2.6 Dodging


You had one spell level left.
You didn't know any spells.
Your spell library was empty.

Dungeon Overview and Level Annotations

Branches:
Dungeon (1/15) Zot: 5795

Altars:


Innate Abilities, Weirdness & Mutations

You have a small tail.


Message History

You closely miss the kobold. The kobold hits you with a +0 dagger.
A kobold is nearby!
A kobold is nearby!
You hit the kobold.
You kill the kobold!
Your Short Blades skill increases to level 3!
No target in view!
No target in view!
No target in view!
You now have 20 gold pieces (gained 11).
g - a bubbling ruby potion You open the door.
A quokka and a hobgoblin come into view.
Found a scroll labelled COLACLUKUT.
There are monsters nearby!
There is an open door here.
You barely miss the quokka. The quokka bites you.
You miss the quokka. Your punch misses the quokka.
The quokka bites you but does no damage.
The hobgoblin hits you but does no damage.
The quokka misses you.
You closely miss the quokka. The hobgoblin misses you.
The quokka barely misses you.
You barely miss the quokka.
The quokka bites you but does no damage.
The hobgoblin misses you.
You closely miss the quokka. The quokka misses you.
The hobgoblin barely misses you.
You hit the quokka.
The quokka is severely wounded.
The quokka bites you but does no damage.
The hobgoblin closely misses you. The quokka bites you.
You closely miss the quokka.
The quokka is severely wounded.
The hobgoblin hits you but does no damage.
The quokka barely misses you.
There are monsters nearby!
There are monsters nearby!
You hit the quokka but do no damage.
The quokka is severely wounded.
The hobgoblin closely misses you. The quokka barely misses you.
You barely miss the quokka.
The quokka is severely wounded.
The quokka barely misses you.
The hobgoblin hits you but does no damage.
The quokka barely misses you. The hobgoblin closely misses you.
You barely miss the quokka.
The quokka is severely wounded.
The quokka barely misses you. The hobgoblin misses you.
You barely miss the quokka.
The quokka is severely wounded.
The quokka barely misses you. The hobgoblin closely misses you.
You barely miss the hobgoblin. The quokka closely misses you.
The hobgoblin hits you but does no damage.
The quokka bites you.
You hit the quokka but do no damage.
The quokka is severely wounded.
The hobgoblin barely misses you. The quokka bites you.
You hit the hobgoblin.
The hobgoblin is severely wounded.
The quokka closely misses you. The hobgoblin barely misses you.
You miss the quokka.
The quokka is severely wounded.
The quokka barely misses you. The hobgoblin closely misses you.
The quokka misses you.
You hit the quokka.
You kill the quokka!
The hobgoblin barely misses you.
You barely miss the hobgoblin.
The hobgoblin is severely wounded.
The hobgoblin hits you.
The hobgoblin hits you but does no damage.
You hit the hobgoblin.
You kill the hobgoblin!
A goblin comes into view. It is wielding a +0 club.
The goblin shouts!
You hear an angry hiss.
A goblin is nearby!
A goblin is nearby!
A goblin is nearby!
The goblin barely misses you.
You barely miss the goblin. The goblin misses you.
You hit the goblin but do no damage. The goblin hits you but does no damage.
You closely miss the goblin. The goblin completely misses you.
You closely miss the goblin. The goblin closely misses you.
You closely miss the goblin. The goblin hits you with a +0 club.
You are too injured to fight recklessly!
You are too injured to fight recklessly!
You are too injured to fight recklessly!
You are too injured to fight recklessly!
A goblin is nearby!
A goblin is nearby!
You are too injured to fight recklessly!
You barely miss the goblin. The goblin misses you.
You closely miss the goblin. The goblin hits you but does no damage.
You hit the goblin.
You kill the goblin!
You have reached level 2!
Your demonic ancestry asserts itself...
You grow a small tail.
Are you sure you want to abandon this character and quit the game? (Confirm with "yes".)

#.# #.....#
..##### #.....#
###...# #....?# #
#.#.#### #.....#
###.#....###.....#
...........'.....+
##..####.###.....#
.#.......# #.....#
.#...##### #....@#
.#.....#
#.....).....#
....##..
#####.......#
.#.## ###
#.......# ...#
#.......# .###
#.......# ######
#.......# .....#
#.......# .###.#


There were no monsters in sight!

Vanquished Creatures
  An endoplasm (D:1)
  A goblin (D:1)
  A hobgoblin (D:1)
  2 quokkas (D:1)
  2 kobolds (D:1)
7 creatures vanquished.

Notes
Turn   | Place    | Note
-------+----------+-------------------------------------------
     0 | D:1      | Flugkiller the Demonspawn Gladiator began the quest for the
                  | Orb.
     0 | D:1      | Reached XP level 1. HP: 16/16 MP: 1/1
   117 | D:1      | Reached skill level 3 in Short Blades
   202 | D:1      | Gained mutation: You have a small tail. [demonic ancestry]
   202 | D:1      | Reached XP level 2. HP: 13/22 MP: 2/2
   202 | D:1      | Quit the game

Illustrated notes

Levels and vault maps discovered:
D:1:      minmay_arrival_up_and_down, layout_basic,
          hellmonk_ecumenical_altar_inner_sanctum

Skill      XL: |  1 |
---------------+----+-----
Short Blades   | 3 |  3.2
Fighting       | |  2.0
Throwing       | |  1.7
Dodging        | |  2.6

Action                   || total
-------------------------++-------
Melee: Rapier            ||    44
Armor: Leather armour    ||    14
Dodge: Dodged            ||    42

Table legend: (Time is in decaauts)
 A = Elapsed time spent in this place.
 B = Non-inter-level travel time spent in this place.
 C = Inter-level travel time spent in this place.
 D = Time resting spent in this place.
 E = Time spent auto-exploring this place.
 F = Levels seen in this place.
 G = Mean time per level.
                   A        B        C        D        E       F      G
               +--------+--------+--------+--------+--------+-----+--------+
         Total |    204 |    204 |      0 |     14 |    120 |   1 |  204.0 |
       Dungeon |    204 |    204 |      0 |     14 |    120 |   1 |  204.0 |
               +--------+--------+--------+--------+--------+-----+--------+

Top non-repeatable levels by time:
     D:1: 204 daAuts
